 Dungeon Crawl Stone Soup version 0.22-a0-91-g23542c2 (webtiles) character file.

84 KristoblXynda the Ruffian (level 4, 0/35 HPs)
             Began as a Draconian Transmuter on Jan 22, 2018.
             Hit by a stone thrown by an orc (3 damage)
             ... on level 3 of the Dungeon.
             The game lasted 00:03:22 (2176 turns).

KristoblXynda the Ruffian (Draconian Transmuter)    Turns: 2176, Time: 00:03:23

Health: 0/35       AC:  6    Str: 13    XL:     4   Next: 24%
Magic:  7/7        EV: 12    Int: 14    God:
Gold:   128        SH:  0    Dex: 11    Spells: 3/7 levels left

rFire    . . .     SeeInvis .     - Unarmed
rCold    . . .     Gourm    .   (no shield)
rNeg     . . .     Faith    .   (armour unavailable)
rPois    .         Spirit   .   (helmet restricted)
rElec    .         Reflect  .   (no cloak)
rCorr    .         Harm     .   d - +0 pair of gloves
MR       +....                  (no boots)
Stlth    +.........             (no amulet)
HPRegen  0.11/turn              l - ring of protection from magic
MPRegen  0.10/turn              (no ring)

@: no status effects
A: unfitting armour, cold-blooded, AC +5
a: no special abilities


You were on level 3 of the Dungeon.
You were not hungry.

You visited 1 branch of the dungeon, and saw 3 of its levels.

You collected 128 gold pieces.

Inventory:

Armour
 d - a +0 pair of gloves (worn)
Jewellery
 l - a ring of protection from magic (left hand)
Scrolls
 a - 2 scrolls of teleportation {unknown}
 e - 6 scrolls of identify {unknown}
 f - a scroll of fog {unknown}
 g - a scroll of amnesia {unknown}
 j - a scroll of enchant armour {unknown}
Potions
 h - a potion of curing {unknown}
 i - a potion of invisibility {unknown}
 k - a potion of lignification {unknown}
 m - 3 potions of haste {unknown}
Books
 b - a book of Changes

   Spells                             Type                      Level
   a - Beastly Appendage              Transmutation                1
   b - Sticks to Snakes               Transmutation                2
   c - Spider Form                    Transmutation/Poison         3
   d - Ice Form                       Ice/Transmutation            4
   e - Blade Hands                    Transmutation                5
Comestibles
 c - 2 rations


   Skills:
 - Level 1.1 Fighting
 - Level 2.0 Dodging
 * Level 4.4 Unarmed Combat
 - Level 2.0 Spellcasting
 + Level 3.0 Transmutations


You had 3 spell levels left.
You knew the following spells:

 Your Spells              Type           Power        Failure   Level  Hunger
a - Beastly Appendage     Tmut           #.....       7%          1    ##.....
b - Spider Form           Tmut/Pois      #.........   36%         3    ####...


Dungeon Overview and Level Annotations

Branches:
Dungeon (3/15)

Altars:


Innate Abilities, Weirdness & Mutations

Your plain brown scales are hard. (AC +5)
You cannot fit into any form of body armour.
You are cold-blooded and may be slowed by cold attacks.


Message History

You barely miss the orc. The orc barely misses you. x2
You barely miss the orc. The orc hits you with a short sword.
* * * LOW HITPOINT WARNING * * *
The orc misses you.
You barely miss the orc. The orc barely misses you.
You punch the orc!
You kill the orc!
The orc hits you but does no damage.
You barely miss the orc. The orc hits you with a club.
* * * LOW HITPOINT WARNING * * *
You barely miss the orc. The orc hits you but does no damage.
The orc throws a stone.
The stone barely misses you.
Items here: ( ) ? [ † a club; a leather armour; a scroll labeled WIMODI UPSUDD; 3 stones an orc corpse The orc throws a stone.
The stone barely misses you.
Things that are here:
a stone; a flail; an orc corpse The orc throws a stone.
The stone hits you.
You die...

.. #...........# .#
#.......(..# .# +......(...# .#
#.......(..# .# ##########)o#
.# #........##)# .# .#
#........##)##.# .###
#........##(##.#
...#.#........##@##.#
.#.#.#........##.##.#
.#.#.#..........(.#.#
'#.#.#..........#.#.#
†....#..........#...#
.....#..........##..#########
.....#..........#...........#
.....#..........#...........###
.....#####......+..............


You could see an orc.

Vanquished Creatures
  An adder (D:2)
  A worm (D:2)
  2 dart slugs (D:1)
  A leopard gecko (D:3)
  3 orcs (D:3)
  9 bats
  2 giant cockroaches
  7 goblins
  5 hobgoblins
  3 jackals (D:2)
  2 ball pythons
  2 frilled lizards
  3 kobolds
  5 rats
46 creatures vanquished.

Vanquished Creatures (others)
  An orc wizard (D:3)
1 creature vanquished.

Grand Total: 47 creatures vanquished

Notes
Turn   | Place    | Note
-------+----------+-------------------------------------------
     0 | D:1      | KristoblXynda the Draconian Transmuter began the quest for the Orb.
     0 | D:1      | Reached XP level 1. HP: 16/16 MP: 3/3
    85 | D:1      | Reached XP level 2. HP: 14/23 MP: 5/5
   881 | D:2      | Reached XP level 3. HP: 7/28 MP: 6/6
   890 | D:2      | HP: 1/28 [hobgoblin/club (2)]
  1193 | D:2      | Learned a level 3 spell: Spider Form
  1384 | D:2      | Reached skill level 4 in Unarmed Combat
  2164 | D:3      | Reached XP level 4. HP: 8/35 MP: 7/7
  2176 | D:3      | Hit by a stone thrown by an orc

Vault maps used:
D:1:      dpeg_arrival_ternary
D:2:      first_ration
D:3:      bloody_makhleb, marbit_many_paths

Skill      XL: |  1  2  3 |
---------------+----------+-----
Dodging        | 2 |  2.0
Unarmed Combat | 4 |  4.4
Transmutations | 3 |  3.0
Fighting       | |  1.1
Spellcasting   | |  2.0

Action                   |  1- 3 |  4- 6 || total
-------------------------+-------+-------++-------
Melee: Unarmed           |   181 |     8 ||   189
       Tailslap          |    20 |       ||    20
       Punch             |     3 |       ||     3
       Kick              |     3 |       ||     3
 Cast: Beastly Appendage |     1 |       ||     1
  Eat: Chunk             |     2 |       ||     2
       Ration            |     1 |       ||     1
Armor: Skin              |    72 |     1 ||    73
Dodge: Dodged            |   117 |    11 ||   128

Table legend:
 A = Spawn XP
 B = Non-spawn XP
 C = Spawn XP percentage of total XP
 D = Spawn monster count
 E = Non-spawn monster count
 F = Spawn count percentage of total count
 G = Total turns spent on level
                    A         B        C        D         E        F      G
               +---------+---------+-------+---------+---------+-------+---------
         Total |       0 |     121 |   0.0 |       0 |      47 |   0.0 |  2176
               +---------+---------+-------+---------+---------+-------+---------
           D:1 |       0 |      35 |   0.0 |       0 |      19 |   0.0 |   496
           D:2 |       0 |      42 |   0.0 |       0 |      17 |   0.0 |  1487
           D:3 |       0 |      44 |   0.0 |       0 |      11 |   0.0 |   193
               +---------+---------+-------+---------+---------+-------+---------
